 Dungeon Crawl Stone Soup version 0.22-a0-305-gd21a89c (webtiles) character file.

4 Amnesiac the Ducker (level 1, -1/11 HPs)
             Began as a Spriggan Gladiator on Mar 31, 2018.
             Slain by a gnoll
             ... wielding a +0 spear
              (5 damage)
             ... on level 3 of the Dungeon.
             The game lasted 00:00:46 (313 turns).

Amnesiac the Ducker (Spriggan Gladiator)             Turns: 313, Time: 00:00:46

Health: -1/11      AC:  2    Str: 10    XL:     1   Next: 50%
Magic:  11/11      EV: 10    Int:  9    God:
Gold:   14         SH:  0    Dex: 17    Spells: 0/0 levels left

rFire    . . .     SeeInvis +   a - +0 rapier
rCold    . . .     Gourm    .   (shield restricted)
rNeg     . . .     Faith    .   b - +0 robe
rPois    .         Spirit   .   c - +0 hat
rElec    .         Reflect  .   (no cloak)
rCorr    .         Harm     .   (gloves unavailable)
MR       .....                  (boots unavailable)
Stlth    ++........             (no amulet)
HPRegen  0.03/turn              (no ring)
MPRegen  0.12/turn              e - ring of magical power

@: held, very quick
A: very small, unfitting armour, see invisible, herbivore, speed 3, slow
metabolism 2
a: no special abilities


You were on level 3 of the Dungeon.
You were not hungry.

You visited 1 branch of the dungeon, and saw 3 of its levels.

You collected 14 gold pieces.

Inventory:

Hand Weapons
 a - a +0 rapier (weapon)
Missiles
 d - 3 throwing nets (quivered)
Armour
 b - a +0 robe (worn)
 c - a +0 hat (worn)
Jewellery
 e - a ring of magical power (right hand)
Scrolls
 h - a scroll of remove curse {!r, unknown}
 i - a scroll of fog {!r, unknown}
 j - a scroll of identify {!r, unknown}
Potions
 g - a potion of might {!q, unknown}
Comestibles
 f - a ration


   Skills:
 + Level 1.6 Fighting
 + Level 3.3 Short Blades
 + Level 2.1 Throwing
 + Level 4.5 Dodging


You couldn't memorise any spells.
You didn't know any spells.

Dungeon Overview and Level Annotations

Branches:
Dungeon (3/15)

Altars:


Innate Abilities, Weirdness & Mutations

You are very small and have problems with some larger weapons.
You are too small for most types of armour.
You have supernaturally acute eyesight. (SInv)
You are a herbivore.
You cover ground extremely quickly.
You need to consume almost no food.


Message History

You start resting.
HP restored.
j - a scroll labeled RIOGAWN KOTZ {!r}
There is a stone staircase leading down here.
The helpless frilled lizard fails to defend itself.
You puncture the frilled lizard!
You kill the frilled lizard!
You open the door.
A rat and a dart slug come into view.
Found a scroll labeled NOSUAK PASIU.
An adder comes into view.
The adder hisses angrily.
The dart slug barely misses you.
There is an open door here.
You hit the dart slug but do no damage.
The dart slug bites you but does no damage.
You puncture the dart slug!
The dart slug is almost dead.
You hit the dart slug.
The dart slug is almost dead.
The dart slug launches a dart at you. The slug dart hits you!
You puncture the dart slug!
You kill the dart slug!
The rat misses you.
There is a stone staircase leading down here.
The rat bites you.
There is a stone staircase leading down here.
The rat completely misses you.
You climb downwards.
A jackal comes into view.
Found 7 gold pieces and a chain mail.
There is a stone staircase leading up here.
You swing at nothing.
You closely miss the rat. The rat misses you.
You puncture the rat!
You kill the rat!
You start resting.
HP restored.
You start resting.
A goblin comes into view. 3 jackals come into view.
The goblin shouts!
You hear a shout!
A gnoll comes into view.
The jackal barks!
The gnoll shouts!
You hear a bark!
You hear a shout!
There is a stone staircase leading up here. 2 gnolls come into view.
The gnoll shouts!
The jackal barks!
The jackal completely misses you.
The gnoll moves out of view. x2
The goblin misses you.
A rat comes into view.
The jackal barks!
The gnoll throws a throwing net.
The throwing net misses you. The gnoll completely misses you.
The gnoll completely misses you.
The gnoll throws a throwing net.
The throwing net hits you.
You become entangled in the net!
You see here a throwing net.
You struggle against the net.
The jackal barely misses you.
The gnoll hits you from afar with a spear.
* * * LOW HITPOINT WARNING * * *
You struggle against the net.
The jackal bites you.
* * * LOW HITPOINT WARNING * * *
The gnoll hits you from afar with a spear.
You die...

##### ##..[# #....#
####.<.# #(hg..####
########.hh$......h.
.......@hg##########
#.###..#r.g.#
#..#..g..#
#..##.....# #.#
#....... #.
......### . ........
. ##.......


You could see 3 gnolls, 4 jackals, a goblin and a rat.

Vanquished Creatures
  A dart slug (D:2)
  A frilled lizard (D:2)
  A rat (D:3)
3 creatures vanquished.

Notes
Turn   | Place    | Note
-------+----------+-------------------------------------------
     0 | D:1      | Amnesiac the Spriggan Gladiator began the quest for the Orb.
     0 | D:1      | Reached XP level 1. HP: 10/10 MP: 2/2
   313 | D:3      | Slain by a gnoll

Vault maps used:
D:1:      sevenhm_arrival_forest_fort_small_4
D:2:      serial_glass, glass_columns_c, glass_columns_c, glass_columns_b,
          glass_columns_c, chequers_ecumenical_altar_simple_redux,
          minmay_fountain_box, kennysheep_generic_room_8
D:3:      minmay_wonky_spiral, nicolae_tso_carved_into_rock, nrook_uturn

Action                   || total
-------------------------++-------
Melee: Rapier            ||     7
 Stab: Sleeping          ||     1
Armor: Robe              ||     1
Dodge: Dodged            ||    24

Table legend:
 A = Spawn XP
 B = Non-spawn XP
 C = Spawn XP percentage of total XP
 D = Spawn monster count
 E = Non-spawn monster count
 F = Spawn count percentage of total count
 G = Total turns spent on level
                    A         B        C        D         E        F      G
               +---------+---------+-------+---------+---------+-------+---------
         Total |       0 |       6 |   0.0 |       0 |       3 |   0.0 |   313
               +---------+---------+-------+---------+---------+-------+---------
           D:2 |       0 |       5 |   0.0 |       0 |       2 |   0.0 |    63
           D:3 |       0 |       1 |   0.0 |       0 |       1 |   0.0 |    82
               +---------+---------+-------+---------+---------+-------+---------
